 Dungeon Crawl Stone Soup version 0.28.0-45-g0d030f2227 (webtiles) character file.

Game seed: 15889598927683925420

14 101zpm the Chiller (level 2, 0/20 HPs)
             Began as a Draconian Ice Elementalist on Apr 17, 2022.
             Frozen to death by an endoplasm (3 damage)
             ... on level 1 of the Dungeon.
             The game lasted 00:00:49 (662 turns).

101zpm the Chiller (Draconian Ice Elementalist)      Turns: 662, Time: 00:00:49

Health: 0/20       AC:  5    Str: 10    XL:     2   Next: 31%
Magic:  5/5        EV: 12    Int: 15    God:
Gold:   23         SH:  0    Dex: 11    Spells: 4/5 levels left

rFire   . . .      SeeInvis .   (no weapon)
rCold   . . .      Faith    .   (no shield)
rNeg    . . .      Spirit   .   (armour unavailable)
rPois   .          Reflect  .   (helmet restricted)
rElec   .          Harm     .   (no cloak)
rCorr   .          Rampage  .   a - +0 pair of gloves
Will    .....                   (no boots)
Stlth   ++........              (no amulet)
HPRegen 0.06/turn               (no ring)
MPRegen 0.09/turn               (no ring)

@: slowed, very slow
A: AC +4, unfitting armour, cold-blooded
a: no special abilities


You were on level 1 of the Dungeon.
You visited 1 branch of the dungeon, and saw 1 of its levels.

You collected 23 gold pieces.

Inventory:

Missiles
 b - 6 javelins
Armour
 a - a +0 pair of gloves (worn)
Scrolls
 c - a scroll of teleportation {unknown}
Potions
 d - a potion of invisibility {unknown}


   Skills:
 + Level 1.9 Dodging
 + Level 1.7 Stealth
 + Level 0.4 Unarmed Combat
 + Level 2.2 Spellcasting
 + Level 4.3 Ice Magic


You had 4 spell levels left.
You knew the following spells:

 Your Spells              Type           Power      Damage    Failure   Level
a - Freeze                Ice            56%        1d7       3%          1

Your spell library contained the following spells:

 Spells                   Type           Power      Damage    Failure   Level
 Frozen Ramparts          Ice            28%        1d4       11%         3
 Ozocubu's Armour         Ice            14%        N/A       11%         3
 Hailstorm                Conj/Ice       8%         3d4       65%         4


Dungeon Overview and Level Annotations

Branches:
Dungeon (1/15)

Altars:


Innate Abilities, Weirdness & Mutations

Your plain brown scales are hard. (AC +4)
You cannot fit into any form of body armour.
You are cold-blooded and may be slowed by cold attacks.


Message History

No target in view!
No target in view!
No target in view!
No target in view!
No target in view!
No target in view!
No target in view!
No target in view!
There is a stone staircase leading down here.
You see here a ball python corpse.
You open the door.
There is an open door here.
There is an open door here.
Found a robe.
An endoplasm comes into view.
An endoplasm is nearby!
The endoplasm quivers.
A bat comes into view.
The endoplasm freezes you.
You are frozen.
You hit the endoplasm.
The endoplasm is moderately wounded.
The endoplasm misses you.
You hit the endoplasm but do no damage. Your punch misses the endoplasm.
The endoplasm is moderately wounded.
The endoplasm freezes you.
You are frozen.
You feel yourself slow down.
You hit the endoplasm.
The endoplasm is heavily wounded.
The bat hits you but does no damage. The endoplasm freezes you.
You are frozen.
The endoplasm freezes you.
You are frozen.
* * * LOW HITPOINT WARNING * * *
The bat hits you but does no damage. The bat hits you.
* * * LOW HITPOINT WARNING * * *
The endoplasm freezes you.
You are frozen.
You die...

...........# ### ##
.#........# .....##
..##...###.#. ..#...
...#...# #..# #....
......####..###.#.
...##............#
..###.####..# #..#
.## #..###..# #Jb#
.####.#.....# #.@#
.......#...####..##
...###'###........#
#..#8...8#..##....#
##.##.#.##[####...#
#..#8.#.8#.. .?..#
...##.#.##.. ....#
####8...8########...
#8#8#...#8#8#8# ..##


You could see an endoplasm and a bat.

Vanquished Creatures
  2 dart slugs (D:1)
  2 ball pythons (D:1)
  An endoplasm (D:1)
  A goblin (D:1)
  A bat (D:1)
  2 frilled lizards (D:1)
  A kobold (D:1)
  A rat (D:1)
11 creatures vanquished.

Vanquished Creatures (others)
  A plant (D:1)
1 creature vanquished.

Grand Total: 12 creatures vanquished

Notes
Turn   | Place    | Note
-------+----------+-------------------------------------------
     0 | D:1      | 101zpm the Draconian Ice Elementalist began the quest for
                  | the Orb.
     0 | D:1      | Reached XP level 1. HP: 14/14 MP: 3/3
   394 | D:1      | Reached XP level 2. HP: 20/20 MP: 5/5
   662 | D:1      | Frozen to death by an endoplasm

Illustrated notes

Levels and vault maps discovered:
D:1:      heliophobic_arrival_ceremonial_halls, layout_loops_ring,
          ebering_ecumenical_altar_hall, serial_shops,
          nicolae_shop_behind_doors, hangedman_decor_clover_reticule,
          chequers_big_river, minmay_split_cup_small

Action                   || total
-------------------------++-------
Melee: Unarmed           ||    52
       Tailslap          ||     8
       Punch             ||     2
Armor: Skin              ||    15
Dodge: Dodged            ||    29
